 Dungeon Crawl Stone Soup version 0.27-a0-1188-g73eefd5def (webtiles) character file.

Game seed: 4450040912035929576

46 Lemonice the Chopper (level 3, -8/29 HPs)
             Began as a Demonspawn Abyssal Knight on May 21, 2021.
             Was a Follower of Lugonu.
             Killed by nerve-wracking pain
             ... invoked by Jessica
              (10 damage)
             ... on level 2 of the Dungeon.
             The game lasted 00:03:04 (1355 turns).

Lemonice the Chopper (Demonspawn Abyssal Knight)    Turns: 1355, Time: 00:03:05

Health: -8/29      AC:  5    Str: 13    XL:     3   Next: 44%
Magic:  4/4        EV: 11    Int: 13    God:    Lugonu [*.....]
Gold:   23         SH:  0    Dex: 12    Spells: 2/2 levels left

rFire    . . .     SeeInvis .   a - +1 hand axe
rCold    . . .     Faith    .   (no shield)
rNeg     . . .     Spirit   .   b - +0 leather armour
rPois    .         Reflect  .   (no helmet)
rElec    .         Harm     .   (no cloak)
rCorr    .         Rampage  .   (no gloves)
Will     .....                  (no boots)
Stlth    +.........             (no amulet)
HPRegen  0.09/turn              (no ring)
MPRegen  0.09/turn              (no ring)

@: no status effects
A: slimy green scales 1
a: Renounce Religion, Depart the Abyss


You were on level 2 of the Dungeon.
You worshipped Lugonu.
Lugonu was aware of your devotion.
You visited 1 branch of the dungeon, and saw 2 of its levels.
You visited the Abyss 1 time.

You collected 23 gold pieces.

Inventory:

Hand Weapons
 a - a +1 hand axe (weapon)
Armour
 b - a +0 leather armour (worn)
Scrolls
 c - a scroll of identify {unknown}
 d - a scroll of fear {unknown}
 e - a scroll of fog {unknown}
 f - a scroll of amnesia {unknown}
Potions
 g - a potion of magic {unknown}


   Skills:
 - Level 3.0 Fighting
 + Level 3.5 Axes
 - Level 1.7 Armour
 - Level 0.8 Dodging
 - Level 2.4 Invocations


You had 2 spell levels left.
You didn't know any spells.
Your spell library was empty.

Dungeon Overview and Level Annotations

Branches:
Dungeon (2/15)

Altars:

Annotations:
D:2 Jessica


Innate Abilities, Weirdness & Mutations

You are partially covered in slimy green scales. (AC +2)


Message History

There is a stone staircase leading up here.
Jessica says, "I'm really upset."
Jessica gestures wildly.
Found a club and a scroll labelled GEURISIKHU.
Found an escape hatch in the floor.
You barely miss Jessica. Jessica hits you with a +0 club.
Jessica looks very angry.
Jessica hits you with a +0 club.
You closely miss Jessica. Jessica hits you with a +0 club.
You closely miss Jessica. Jessica hits you but does no damage.
You hit Jessica.
Jessica is lightly wounded.
Jessica mumbles some strange words.
Jessica seems to speed up.
You closely miss Jessica.
Jessica is lightly wounded.
Jessica hits you with a +0 club. Jessica hits you but does no damage.
You barely miss Jessica.
Jessica is lightly wounded.
Jessica hits you with a +0 club!
* * * LOW HITPOINT WARNING * * *
You are too injured to fight recklessly!
You are too injured to fight recklessly!
You are too injured to fight recklessly!
You are too injured to fight recklessly!
You are too injured to fight recklessly!
You are too injured to fight recklessly!
You are too injured to fight recklessly!
You are too injured to fight recklessly!
You are too injured to fight recklessly!
You are too injured to fight recklessly!
You are too injured to fight recklessly!
Jessica points at you and mumbles some strange words.
Pain shoots through your body!
* * * LOW HITPOINT WARNING * * *
There is a stone staircase leading up here.
Okay, then.
Jessica casts a spell at you. Pain shoots through your body!
You die...

#? # #.
..###.#######
......#$....##
..........@..##
.........@....#
>..........^..#
..............#
..............#
....[.........#
..............#
.........<...##
)....##.....##


You could see Jessica (fast).

Vanquished Creatures
  A gnoll (D:1)
  2 dart slugs (D:1)
  5 endoplasms (D:1)
  A giant cockroach (D:1)
  3 goblins (D:1)
  4 hobgoblins (D:1)
  3 ball pythons (D:1)
  5 bats (D:1)
  A frilled lizard (D:1)
  2 kobolds (D:1)
  4 rats (D:1)
31 creatures vanquished.

Vanquished Creatures (others)
  2 starspawn tentacles (Abyss:1)
2 creatures vanquished.

Grand Total: 33 creatures vanquished

Notes
Turn   | Place    | Note
-------+----------+-------------------------------------------
     0 | Abyss:1  | Lemonice the Demonspawn Abyssal Knight began the quest for
                  | the Orb.
     0 | Abyss:1  | Reached XP level 1. HP: 18/18 MP: 2/2
    31 | Abyss:1  | Noticed a large abomination
    41 | Abyss:1  | Noticed a tentacled starspawn
    88 | Abyss:1  | Noticed a golden dragon skeleton
    91 | Abyss:1  | Noticed an anaconda skeleton
    96 | D:1      | Escaped the Abyss
   143 | D:1      | Reached * piety under Lugonu
   189 | D:1      | Gained mutation: You are partially covered in slimy green
                  | scales. (AC +2) [demonic ancestry]
   189 | D:1      | Reached XP level 2. HP: 14/24 MP: 3/3
   735 | D:1      | Reached XP level 3. HP: 29/29 MP: 4/4
  1062 | D:1      | Found a faded altar of an unknown god.
  1121 | D:2      | Noticed Jessica
  1355 | D:2      | Killed from afar by Jessica

Illustrated notes

Levels and vault maps discovered:
D:1:      dpeg_arrival_houses_and_road, layout_loops_cross,
          hellmonk_ecumenical_altar_leap_of_faith
D:2:      layout_rooms, basic_altar, amcnicky_mini_rare_corridor_liquid,
          uniq_jessica, uniq_terence

Skill      XL: |  1  2 |
---------------+-------+-----
Axes           | 2 3 |  3.5
Fighting       | |  3.0
Armour         | |  1.7
Dodging        | |  0.8
Invocations    | |  2.4

Action                   || total
-------------------------++-------
Melee: Hand axe          ||    94
Invok: Depart the Abyss  ||     1
 Stab: Sleeping          ||     2
Armor: Leather armour    ||    45
Dodge: Dodged            ||    66

Table legend: (Time is in decaauts)
 A = Elapsed time spent in this place.
 B = Non-inter-level travel time spent in this place.
 C = Inter-level travel time spent in this place.
 D = Time resting spent in this place.
 E = Time spent auto-exploring this place.
 F = Levels seen in this place.
 G = Mean time per level.
                   A        B        C        D        E       F      G
               +--------+--------+--------+--------+--------+-----+--------+
         Total |   1380 |   1341 |     39 |      0 |   1039 |   3 |  460.0 |
       Dungeon |   1282 |   1243 |     39 |      0 |   1039 |   2 |  641.0 |
         Abyss |     98 |     98 |      0 |      0 |      0 |   1 |   98.0 |
               +--------+--------+--------+--------+--------+-----+--------+

Top non-repeatable levels by time:
     D:1: 1258 daAuts
 Abyss:1: 98 daAuts
     D:2: 24 daAuts
